General information
- name: BNet
- type: Ladder team game (AT/RT)
- host: Battle.net
- saver: SweatyNatives
map: FullScaleAssault
- players: 8
- length: 30:18
- speed: Fast
- version: 1.24 W3XP
- replay type: Public
» download(177 KB)
Players
team 1 (winner)
SweatyNatives (
red | 80 APM | 2423 actions | 30:18)
9 Pandaren Brewmaster
3 Breath of Fire
3 Drunken Haze
1 Storm Earth and Fire
2 Drunken Brawler
6 Death Knight
2 Death Coil
2 Unholy Aura
1 Animate Dead
1 Death Pact
5 Dreadlord
2 Vampiric Aura
2 Carrion Swarm
1 Inferno
» actions
| Assign group hotkey | 68 | |
| Basic commands | 81 | |
| Build / train | 163 | |
| ESC pressed | 2 | |
| Enter build submenu | 76 | |
| Enter hero's abilities submenu | 21 | |
| Give item / drop item | 3 | |
| Right click | 931 | |
| Select / deselect | 314 | |
| Select group hotkey | 513 | |
| Use ability | 251 | |
2423 total
» units
| Peasant | 32 | |
| Goblin Shredder | 2 | |
| Acolyte | 4 | |
| Gargoyle | 8 | |
| Frost Wyrm | 4 | |
| Sorceress | 3 | |
| Priest | 3 | |
| Flying Machine | 17 | |
| Mortar Team | 2 | |
75 total
» upgrades
| Masonry | 3 | |
| Web | 1 | |
| Magic Sentry | 1 | |
| Creature Attack | 1 | |
| Creature Carapace | 1 | |
| Flak Cannons | 1 | |
| Gunpowder | 2 | |
| Plating | 2 | |
| Flying Machine Bombs | 1 | |
| Fragmentation Shards | 1 | |
14 total
» buildings
| Altar of Kings | 1 | |
| Farm | 12 | |
| Lumber Mill | 1 | |
| Town Hall | 5 | |
| Scout Tower | 123 | |
| Keep | 1 | |
| Guard Tower | 41 | |
| Arcane Tower | 3 | |
| Arcane Sanctum | 1 | |
| Castle | 1 | |
| Necropolis | 1 | |
| Sacrificial Pit | 1 | |
| Boneyard | 4 | |
| Blacksmith | 1 | |
| Ziggurat | 3 | |
| Workshop | 6 | |
205 total
» build order
00:11 Altar of Kings
00:37 Farm
01:11 Farm
01:22 Lumber Mill
02:02 Farm
03:40 Town Hall
03:45 Scout Tower
03:46 Scout Tower
03:46 Scout Tower
05:17 Keep
05:20 Guard Tower
05:22 Arcane Tower
05:22 Arcane Tower
05:25 Scout Tower
05:25 Scout Tower
05:53 Scout Tower
05:55 Scout Tower
06:04 Guard Tower
06:06 Scout Tower
06:07 Scout Tower
06:07 Scout Tower
06:25 Scout Tower
06:26 Scout Tower
06:27 Scout Tower
06:27 Scout Tower
06:31 Arcane Tower
06:33 Scout Tower
06:39 Scout Tower
06:40 Scout Tower
06:40 Scout Tower
06:49 Guard Tower
06:55 Guard Tower
06:56 Guard Tower
06:56 Guard Tower
06:57 Scout Tower
06:58 Scout Tower
06:58 Scout Tower
06:59 Scout Tower
07:28 Guard Tower
07:30 Scout Tower
07:31 Scout Tower
07:31 Scout Tower
07:32 Scout Tower
07:51 Guard Tower
07:54 Guard Tower
07:55 Scout Tower
07:55 Scout Tower
07:55 Scout Tower
07:59 Guard Tower
08:07 Guard Tower
08:07 Guard Tower
08:08 Guard Tower
08:26 Town Hall
08:57 Farm
09:04 Guard Tower
09:06 Arcane Sanctum
09:07 Scout Tower
09:08 Scout Tower
09:15 Scout Tower
10:03 Guard Tower
10:03 Guard Tower
10:05 Scout Tower
10:05 Scout Tower
10:05 Scout Tower
10:06 Scout Tower
10:13 Scout Tower
10:36 Castle
10:51 Guard Tower
10:51 Guard Tower
10:54 Scout Tower
10:54 Scout Tower
10:54 Scout Tower
10:54 Scout Tower
10:55 Scout Tower
10:55 Scout Tower
10:56 Scout Tower
11:03 Necropolis
11:08 Guard Tower
11:10 Scout Tower
11:10 Scout Tower
11:10 Scout Tower
11:10 Scout Tower
11:11 Scout Tower
11:11 Scout Tower
11:14 Scout Tower
11:14 Scout Tower
11:14 Scout Tower
11:15 Scout Tower
11:15 Scout Tower
11:16 Scout Tower
11:16 Scout Tower
11:16 Scout Tower
11:17 Scout Tower
11:17 Scout Tower
11:18 Scout Tower
11:18 Scout Tower
11:18 Scout Tower
11:19 Scout Tower
11:54 Guard Tower
11:59 Guard Tower
12:07 Guard Tower
12:53 Guard Tower
13:30 Guard Tower
14:13 Scout Tower
14:13 Scout Tower
14:14 Scout Tower
14:14 Scout Tower
14:15 Scout Tower
14:15 Scout Tower
14:15 Scout Tower
14:15 Scout Tower
14:34 Sacrificial Pit
14:48 Guard Tower
14:52 Scout Tower
14:52 Scout Tower
14:52 Scout Tower
14:53 Scout Tower
14:53 Scout Tower
14:53 Scout Tower
14:54 Scout Tower
14:54 Scout Tower
14:55 Scout Tower
14:55 Scout Tower
14:55 Scout Tower
14:58 Guard Tower
15:00 Scout Tower
15:01 Scout Tower
15:02 Scout Tower
15:02 Scout Tower
15:02 Scout Tower
15:03 Scout Tower
15:03 Scout Tower
15:04 Scout Tower
15:05 Scout Tower
15:06 Scout Tower
15:37 Guard Tower
16:16 Guard Tower
16:21 Farm
16:21 Farm
16:22 Farm
16:22 Farm
16:22 Farm
16:23 Farm
16:23 Farm
16:29 Boneyard
16:30 Boneyard
16:30 Boneyard
16:31 Boneyard
16:35 Guard Tower
17:09 Scout Tower
17:09 Scout Tower
17:10 Scout Tower
17:10 Scout Tower
17:10 Scout Tower
17:11 Scout Tower
17:11 Scout Tower
17:43 Guard Tower
17:44 Guard Tower
17:54 Scout Tower
17:55 Scout Tower
17:55 Scout Tower
17:55 Scout Tower
17:59 Scout Tower
17:59 Scout Tower
17:59 Scout Tower
17:59 Scout Tower
18:00 Scout Tower
18:26 Guard Tower
18:26 Guard Tower
18:29 Guard Tower
18:31 Blacksmith
18:40 Ziggurat
18:40 Ziggurat
18:41 Ziggurat
19:07 Guard Tower
19:27 Workshop
19:28 Workshop
19:28 Workshop
19:29 Workshop
19:29 Workshop
19:30 Workshop
20:00 Scout Tower
20:00 Scout Tower
20:03 Scout Tower
20:03 Scout Tower
20:03 Scout Tower
20:04 Scout Tower
20:20 Scout Tower
21:14 Scout Tower
21:36 Town Hall
23:28 Town Hall
30:09 Town Hall
» items
| Boots of Speed | 1 | |
| Staff of Teleportation | 1 | |
| Scroll of Town Portal | 2 | |
4 total

»
ILUVUATXMASBABY (
green | 43 APM | 419 actions | 09:39)
2 Death Knight
1 Death Coil
1 Unholy Aura
1 Dreadlord
1 Vampiric Aura
» actions
| Assign group hotkey | 4 | |
| Basic commands | 1 | |
| Build / train | 27 | |
| Enter build submenu | 10 | |
| Enter hero's abilities submenu | 3 | |
| Right click | 151 | |
| Select / deselect | 149 | |
| Select group hotkey | 61 | |
| Use ability | 13 | |
419 total
» units
» upgrades
| Creature Attack | 2 | |
| Creature Carapace | 2 | |
4 total
» buildings
| Ziggurat | 5 | |
| Crypt | 2 | |
| Altar of Darkness | 1 | |
| Graveyard | 1 | |
| Halls of the Dead | 3 | |
| Black Citadel | 1 | |
13 total
» build order
00:08 Ziggurat
00:09 Crypt
00:53 Altar of Darkness
01:05 Graveyard
01:47 Ziggurat
02:29 Ziggurat
02:46 Crypt
03:16 Halls of the Dead
03:16 Halls of the Dead
03:34 Ziggurat
04:32 Ziggurat
08:47 Black Citadel
Charlot99 (
teal | 20 APM | 603 actions | 30:17)
3 Lich
1 Frost Nova
2 Frost Armor
1 Dreadlord
1 Carrion Swarm
» actions
| Basic commands | 6 | |
| Build / train | 65 | |
| Enter build submenu | 21 | |
| Enter hero's abilities submenu | 5 | |
| Right click | 303 | |
| Select / deselect | 172 | |
| Use ability | 31 | |
603 total
» units
| Acolyte | 3 | |
| Ghoul | 12 | |
| Frost Wyrm | 36 | |
51 total
» upgrades
| Creature Attack | 3 | |
| Creature Carapace | 3 | |
| Freezing Breath | 1 | |
7 total
» buildings
| Crypt | 1 | |
| Ziggurat | 9 | |
| Altar of Darkness | 1 | |
| Halls of the Dead | 1 | |
| Graveyard | 1 | |
| Black Citadel | 1 | |
| Sacrificial Pit | 1 | |
| Boneyard | 2 | |
17 total
» build order
00:23 Crypt
00:43 Ziggurat
00:52 Ziggurat
01:14 Ziggurat
02:28 Altar of Darkness
03:06 Halls of the Dead
03:21 Graveyard
03:34 Ziggurat
03:46 Ziggurat
04:17 Ziggurat
04:29 Ziggurat
05:29 Black Citadel
05:42 Sacrificial Pit
06:03 Ziggurat
06:13 Ziggurat
07:56 Boneyard
23:44 Boneyard

»
since1995 (
yellow | 31 APM | 924 actions | 30:17)
7 Dark Ranger
3 Black Arrow
3 Life Drain
1 Charm
» actions
| Build / train | 114 | |
| Enter build submenu | 20 | |
| Enter hero's abilities submenu | 8 | |
| Give item / drop item | 1 | |
| Remove unit from queue | 6 | |
| Right click | 437 | |
| Select / deselect | 301 | |
| Use ability | 37 | |
924 total
» units
| Wisp | 7 | |
| Archer | 38 | |
| Huntress | 12 | |
| Blue Drake | 3 | |
| Hippogryph | 12 | |
| Blue Dragon | 2 | |
74 total
» upgrades
| Strength of the Moon | 3 | |
| Moon Armor | 3 | |
| Improved Bows | 1 | |
| Marksmanship | 1 | |
| Hippogryph Taming | 1 | |
| Strength of the Wild | 1 | |
| Upgrade Moon Glaive | 1 | |
11 total
» buildings
| Hunter's Hall | 1 | |
| Ancient of War | 2 | |
| Moon Well | 9 | |
| Altar of Elders | 1 | |
| Tree of Ages | 3 | |
| Ancient of Wind | 1 | |
| Tree of Eternity | 1 | |
| Ancient of Wonders | 1 | |
19 total
» build order
00:24 Hunter's Hall
00:36 Ancient of War
01:08 Moon Well
02:13 Moon Well
02:53 Altar of Elders
03:29 Moon Well
04:33 Tree of Ages
04:34 Tree of Ages
04:34 Tree of Ages
05:49 Moon Well
07:00 Ancient of Wind
07:03 Tree of Eternity
16:19 Moon Well
19:28 Moon Well
19:39 Moon Well
21:28 Ancient of War
24:22 Moon Well
24:30 Moon Well
26:37 Ancient of Wonders
» items
| Staff of Teleportation | 1 | |
| Dust of Appearance | 1 | |
2 total
team 2 (loser)

»
hiliahili (
pink | 75 APM | 2162 actions | 28:44)
7 Death Knight
3 Death Coil
3 Unholy Aura
1 Animate Dead
5 Dreadlord
2 Sleep
3 Vampiric Aura
» actions
| Assign group hotkey | 66 | |
| Build / train | 61 | |
| Enter build submenu | 15 | |
| Enter hero's abilities submenu | 12 | |
| Remove unit from queue | 1 | |
| Right click | 1096 | |
| Select / deselect | 157 | |
| Select group hotkey | 687 | |
| Use ability | 67 | |
2162 total
» units
| Acolyte | 9 | |
| Ghoul | 3 | |
| Crypt Fiend | 13 | |
| Gargoyle | 2 | |
| Frost Wyrm | 7 | |
34 total
» upgrades
| Creature Attack | 3 | |
| Creature Carapace | 3 | |
| Freezing Breath | 1 | |
| Web | 1 | |
| Burrow | 1 | |
9 total
» buildings
| Crypt | 1 | |
| Ziggurat | 7 | |
| Altar of Darkness | 1 | |
| Tomb of Relics | 1 | |
| Graveyard | 1 | |
| Halls of the Dead | 1 | |
| Black Citadel | 1 | |
| Sacrificial Pit | 1 | |
| Boneyard | 2 | |
16 total
» build order
00:09 Crypt
00:10 Ziggurat
00:39 Altar of Darkness
01:25 Tomb of Relics
02:06 Graveyard
02:23 Halls of the Dead
03:20 Ziggurat
03:20 Ziggurat
05:23 Black Citadel
05:29 Sacrificial Pit
05:30 Ziggurat
07:54 Boneyard
07:54 Boneyard
08:04 Ziggurat
11:29 Ziggurat
11:29 Ziggurat
» items
DrMo (
orange | 43 APM | 1289 actions | 30:16)
7 Blademaster
2 Wind Walk
3 Critical Strike
1 Bladestorm
1 Mirror Image
» actions
| Assign group hotkey | 2 | |
| Build / train | 76 | |
| Enter build submenu | 19 | |
| Enter hero's abilities submenu | 7 | |
| Give item / drop item | 3 | |
| Remove unit from queue | 2 | |
| Right click | 899 | |
| Select / deselect | 220 | |
| Use ability | 60 | |
1289 total
» units
| Peon | 16 | |
| Grunt | 2 | |
| Wind Rider | 9 | |
| Troll Witch Doctor | 8 | |
| Shaman | 10 | |
45 total
» upgrades
| Armor | 3 | |
| Shaman Training | 2 | |
| Witch Doctor Training | 2 | |
| Envenomed Spears | 1 | |
| Melee Weapons | 3 | |
| Ranged Weapons | 2 | |
13 total
» buildings
| Altar of Storms | 1 | |
| Orc Burrow | 5 | |
| Stronghold | 1 | |
| War Mill | 1 | |
| Voodoo Lounge | 1 | |
| Barracks | 1 | |
| Beastiary | 2 | |
| Great Hall | 2 | |
| Fortress | 1 | |
| Spirit Lodge | 2 | |
| Watch Tower | 2 | |
19 total
» build order
00:09 Altar of Storms
00:12 Orc Burrow
01:52 Stronghold
01:56 War Mill
02:06 Voodoo Lounge
02:34 Barracks
03:11 Orc Burrow
04:06 Orc Burrow
04:18 Beastiary
04:21 Beastiary
07:23 Great Hall
07:37 Fortress
08:18 Spirit Lodge
08:21 Spirit Lodge
08:25 Orc Burrow
14:32 Orc Burrow
27:07 Great Hall
28:46 Watch Tower
28:59 Watch Tower
» items
| Healing Salve | 3 | |
| Circlet of Nobility | 1 | |
| Orb of Lightning | 1 | |
| Scroll of Speed | 2 | |
7 total
Flatulenceur (
purple | 57 APM | 1594 actions | 28:01)
6 Keeper of the Grove
1 Force of Nature
2 Entangling Roots
2 Thorns Aura
1 Tranquility
5 Priestess of the Moon
3 Trueshot Aura
2 Scout
» actions
| Assign group hotkey | 44 | |
| Build / train | 94 | |
| Enter build submenu | 20 | |
| Enter hero's abilities submenu | 11 | |
| Give item / drop item | 4 | |
| Remove unit from queue | 2 | |
| Right click | 562 | |
| Select / deselect | 227 | |
| Select group hotkey | 573 | |
| Use ability | 57 | |
1594 total
» units
| Wisp | 19 | |
| Archer | 6 | |
| Goblin Shredder | 1 | |
| Hippogryph | 30 | |
| Chimaera | 12 | |
68 total
» upgrades
| Strength of the Wild | 3 | |
| Nature's Blessing | 1 | |
| Corrosive Breath | 1 | |
| Reinforced Hides | 3 | |
8 total
» buildings
| Moon Well | 8 | |
| Altar of Elders | 1 | |
| Ancient of War | 1 | |
| Tree of Ages | 1 | |
| Tree of Life | 3 | |
| Hunter's Hall | 1 | |
| Tree of Eternity | 1 | |
| Ancient of Wind | 3 | |
| Chimaera Roost | 2 | |
21 total
» build order
00:21 Moon Well
00:35 Altar of Elders
00:49 Ancient of War
01:16 Moon Well
02:45 Tree of Ages
04:04 Tree of Life
04:32 Moon Well
04:36 Hunter's Hall
05:16 Tree of Eternity
05:58 Ancient of Wind
06:56 Moon Well
07:43 Chimaera Roost
07:47 Chimaera Roost
07:58 Moon Well
10:10 Moon Well
11:22 Moon Well
12:26 Moon Well
14:07 Ancient of Wind
16:35 Tree of Life
24:24 Ancient of Wind
27:23 Tree of Life
» items
scoty_d (
blue | 24 APM | 685 actions | 28:52)
4 Blademaster
2 Wind Walk
2 Critical Strike
4 Shadow Hunter
2 Hex
2 Healing Wave
» actions
| Basic commands | 17 | |
| Build / train | 60 | |
| Enter build submenu | 18 | |
| Enter hero's abilities submenu | 8 | |
| Remove unit from queue | 1 | |
| Right click | 213 | |
| Select / deselect | 268 | |
| Use ability | 100 | |
685 total
» units
| Peon | 10 | |
| Grunt | 4 | |
| Spirit Walker | 9 | |
| Tauren | 15 | |
38 total
» upgrades
| Armor | 2 | |
| Melee Weapons | 2 | |
| Spirit Walker Training | 2 | |
| Pulverize | 1 | |
7 total
» buildings
| Orc Burrow | 7 | |
| Altar of Storms | 1 | |
| Barracks | 1 | |
| Voodoo Lounge | 2 | |
| War Mill | 1 | |
| Stronghold | 1 | |
| Watch Tower | 2 | |
| Fortress | 1 | |
| Spirit Lodge | 1 | |
| Tauren Totem | 2 | |
| Beastiary | 1 | |
20 total
» build order
00:04 Orc Burrow
00:07 Altar of Storms
00:58 Barracks
01:30 Orc Burrow
01:50 Voodoo Lounge
01:59 Voodoo Lounge
02:12 War Mill
03:42 Stronghold
04:01 Watch Tower
04:04 Orc Burrow
04:11 Orc Burrow
04:38 Watch Tower
06:17 Fortress
06:20 Spirit Lodge
08:35 Orc Burrow
08:41 Tauren Totem
08:45 Tauren Totem
10:13 Orc Burrow
11:06 Orc Burrow
25:26 Beastiary
» items
| Healing Salve | 1 | |
| Orb of Lightning | 1 | |
2 total
Chat log
(01:42 / Allies) Charlot99: wyrms
(02:54 / Allies) Charlot99: what r u guys getting?
(04:31 / Allies) SweatyNatives: U GUYS AFK?
(04:48 / Allies) ILUVUATXMASBABY: do it yourself if you want it so fucking badly
(04:59 / Allies) ILUVUATXMASBABY: have fun
(05:08 / Allies) Charlot99: peace guys
(07:29 / Allies) ILUVUATXMASBABY: fuck off
(07:56 / Allies) ILUVUATXMASBABY: idiot
(08:02 / Allies) ILUVUATXMASBABY: fuck off yellow
(08:03 / Allies) ILUVUATXMASBABY: get away from me
(08:04 / Allies) Charlot99: ???
(09:07 / Allies) ILUVUATXMASBABY: YELLOW
(09:08 / Allies) ILUVUATXMASBABY: FUCK YOU
(09:20 / Allies) Charlot99: calm down green
(09:31 / Allies) ILUVUATXMASBABY: FUCK YOFF
(10:12 / Allies) Charlot99: red u taking him?
(10:15 / Allies) SweatyNatives: ill take him
(10:26 / Allies) since1995: green was a noob
(10:29 / Allies) since1995: should play solo
(10:39 / Allies) Charlot99: haha
(12:54 / Allies) SweatyNatives: tp
(13:16 / Allies) Charlot99: coming
(14:45 / Allies) Charlot99: counter?
(15:25 / Allies) SweatyNatives: back
(15:25 / Allies) Charlot99: ok
(15:26 / Allies) SweatyNatives: cant face them
(16:57 / Allies) SweatyNatives: all tp here
(17:15 / Allies) SweatyNatives: NOW MORONS
(17:46 / Allies) SweatyNatives: back
(17:48 / Allies) SweatyNatives: back up itno towers
(20:09 / Allies) SweatyNatives: why are ayo all at 26 food
(20:10 / Allies) SweatyNatives: make units???
(26:08 / All) SweatyNatives: wahts it lik,e to lose 4v3 against 2 players that dont tech or expo
(29:50 / All) SweatyNatives: and to think if i hadnt taken that retards item
(29:54 / All) SweatyNatives: he would have stayed
(29:56 / All) SweatyNatives: and we would have lost
(30:02 / All) DrMo: FUCK BICHES
(30:06 / All) DrMo: U RE
(30:10 / All) DrMo: RED
(30:14 / All) DrMo: FUCK U